 Dungeon Crawl Stone Soup version 0.30.1-4-g462c640d31 (webtiles) character file.

Game seed: 9986904224224486677

342 Ratz the Cudgeller (level 7, 0/49 HPs)
             Began as a Meteoran Cinder Acolyte on Aug 12, 2023.
             Was an Elder of Ignis.
             Slain by a gnoll
             ... wielding a +0 club
              (6 damage)
             ... on level 4 of the Dungeon.
             The game lasted 00:20:45 (1956 turns).

Ratz the Cudgeller (Meteoran Cinder Acolyte)        Turns: 1956, Time: 00:20:46

Health: 0/49       AC:  2    Str: 15    XL:     7   Next: 12%
Magic:  9/12       EV: 11    Int: 18    God:    Ignis [****..]
Gold:   157        SH:  0    Dex: 10    Spells: 6/11 levels left

rFire   + . .        a - -1 mace (flame)
rCold   . . .        (no shield)
rNeg    . . .        b - +0 robe
rPois   .            (no helmet)
rElec   .            (no cloak)
rCorr   .            (no gloves)
SInv    .            (no boots)
Will    .....        (no amulet)
Stlth   +            (no ring)
HPRegen 0.28/turn    (no ring)
MPRegen 0.13/turn

%: no passive effects
@: glowing
A: sense surroundings 1, otherworldly, glowing, explore regen
a: Renounce Religion, Fiery Armour, Foxfire Swarm, Rising Flame


You were on level 4 of the Dungeon.
You worshipped Ignis.
Ignis was greatly pleased with you.
You visited 1 branch of the dungeon, and saw 4 of its levels.

You collected 157 gold pieces.

Inventory:

Hand Weapons
 a - a -1 mace of flaming (weapon)
 m - a +0 mace
Missiles
 e - 46 stones (quivered)
 q - 4 poisoned darts
Armour
 b - a +0 robe (worn)
 j - a +0 ring mail
Jewellery
 h - an amulet of guardian spirit
Scrolls
 d - 2 scrolls of noise {unknown}
 f - a scroll of magic mapping {unknown}
 g - 2 scrolls of teleportation {unknown}
 i - a scroll of fog {unknown}
 l - 5 scrolls of poison {unknown}
 p - 4 scrolls of identify {unknown}
 s - a scroll of enchant armour {unknown}
Potions
 k - a potion of attraction {unknown}
 n - a potion of heal wounds
 o - a potion of curing {unknown}
 r - a potion of lignification {unknown}


   Skills:
 + Level 4.6 Fighting
 + Level 5.6 Maces & Flails
 + Level 2.6 Spellcasting
 + Level 2.4 Translocations
 + Level 5.1 Fire Magic
 + Level 2.4 Air Magic


You had 6 spell levels left.
You knew the following spells:

 Your Spells              Type           Power      Damage    Failure   Level
a - Scorch                Fire           40%        2d7       3%          2
b - Vhi's Electric Charg  Tloc/Air       22%        N/A       19%         3

Your spell library contained the following spells:

 Spells                   Type           Power      Damage    Failure   Level
 Arcjolt                  Conj/Air       3%         1d13      96%         5
 Summon Forest            Summ/Tloc      3%         N/A       96%         5
 Summon Mana Viper        Hex/Summ       2%         N/A       99%         5
 Summon Cactus Giant      Summ           1%         N/A       100%        6
 Maxwell's Capacitive Co  Air            5%         ∞         100%        8


Dungeon Overview and Level Annotations

Branches:
Dungeon (4/15) Zot: 600
 Temple: D:4-7

Altars:
Dithmenos
Kikubaaqudgha
Makhleb

Shops:
D:1 (   D:3 (


Innate Abilities, Weirdness & Mutations

You passively map a small area around you.
You are easily found by Zot.
You glow in the dark.
You regain HP and MP as you explore.


Message History

The gnoll is heavily wounded.
The gnoll's fire resistance burns away.
You hit the gnoll but do no damage.
The gnoll is heavily wounded.
The gnoll hits you with a +0 club.
The gnoll shouts!
You hit the gnoll. You burn the gnoll.
The gnoll is severely wounded.
The gnoll hits you with a +0 club.
You closely miss the gnoll.
The gnoll is severely wounded.
The gnoll hits you with a +0 club.
You hit the gnoll. You burn the gnoll.
You kill the gnoll!
The goblin barely misses you.
You hit the goblin. You burn the goblin.
You kill the goblin!
You hit the gnoll. You burn the gnoll.
The gnoll is lightly wounded.
The gnoll hits you with a +0 club.
You sock the gnoll! You burn the gnoll.
You kill the gnoll!
You hit the gnoll but do no damage. The gnoll closely misses you.
You hit the gnoll. You burn the gnoll.
The gnoll is severely wounded.
The gnoll hits you from afar with a +0 spear!
The gnoll hits you with a +0 club!
You barely miss the gnoll.
The gnoll is severely wounded.
The gnoll hits you from afar with a +0 spear!
* * * LOW HITPOINT WARNING * * *
The gnoll hits you with a +0 club.
* * * LOW HITPOINT WARNING * * *
Casting: Scorch (safe; 3% risk of failure)
Confirm with . or Enter, or press ? or * to list all spells.
Flames lash the gnoll.
The gnoll is almost dead.
The gnoll's fire resistance burns away.
The gnoll closely misses you. The gnoll attacks as you move away!
The gnoll hits you with a +0 club.
You die...

,#.###......#
#.........
###........###........#
...........###......##
#..........###.######
#.....⌠.....##)#
##..........##.# ,
#...........g.#
##....)...###g#
#......### #@# ##...##
* #.# , ..##* #.# ##*,
, #.# * #.# * ..# *###
,


You could see 2 gnolls.

Vanquished Creatures
  2 scorpions (D:4)
  A jelly (D:4)
  6 gnolls (D:4)
  5 adders
  3 worms
  2 dart slugs (D:1)
  4 orcs
  4 ball pythons
  7 endoplasms
  A giant cockroach (D:2)
  9 goblins
  5 hobgoblins
  6 jackals
  2 quokkas
  4 bats
  3 frilled lizards
  4 kobolds
  6 rats
74 creatures vanquished.

Vanquished Creatures (others)
  33 foxfires
33 creatures vanquished.

Grand Total: 107 creatures vanquished

Notes
Turn   | Place    | Note
-------+----------+-------------------------------------------
     0 | D:1      | Ratz the Meteoran Cinder Acolyte began the quest for the
                  | Orb.
     0 | D:1      | Reached XP level 1. HP: 19/19 MP: 3/3
    93 | D:1      | Reached XP level 2. HP: 21/26 MP: 3/5
   215 | D:1      | Reached XP level 3. HP: 22/31 MP: 6/6
   215 | D:1      | Found Yzafaor's Weapon Shop.
   349 | D:1      | Learned a level 2 spell: Scorch
   368 | D:1      | Found a faded altar of an unknown god.
   477 | D:1      | Glimpsed the power of Zot.
   595 | D:2      | Reached XP level 4. HP: 40/40 MP: 5/8
   687 | D:2      | Learned a level 3 spell: Vhi's Electric Charge
  1154 | D:3      | Found a shadowy altar of Dithmenos.
  1170 | D:3      | Reached XP level 5. HP: 37/46 MP: 9/9
  1247 | D:3      | Found a burning altar of Makhleb.
  1440 | D:3      | Found an ancient bone altar of Kikubaaqudgha.
  1446 | D:3      | Reached skill level 1 in Translocations
  1523 | D:3      | Found Fyt Yroz's Weapon Shop.
  1660 | D:3      | Glimpsed the power of Zot.
  1710 | D:3      | Glimpsed the power of Zot.
  1749 | D:3      | Glimpsed the power of Zot.
  1759 | D:3      | Touched by the power of Zot.
  1822 | D:4      | Reached skill level 5 in Maces & Flails
  1822 | D:4      | Reached skill level 1 in Air Magic
  1822 | D:4      | Reached XP level 6. HP: 39/41 MP: 7/10
  1857 | D:4      | Reached skill level 5 in Fire Magic
  1919 | D:4      | Reached XP level 7. HP: 49/49 MP: 3/11
  1956 | D:4      | Slain by a gnoll

Illustrated notes

Levels and vault maps discovered:
D:1:      reono_arrival_forest_river, layout_basic,
          shapermc_ecumenical_altar_hornbeckon, serial_shops, shop
D:2:      minmay_wonky_spiral, layout_rooms, st_stairs_13
D:3:      layout_rooms, nicolae_overflow_crystal_walls, grunt_dithmenos_smoke,
          kiku_gazebo_garden_becter, serial_shops,
          nicolae_shop_bloodbath_and_beyond, chequers_serial_rivers_micro_a,
          minmay_fountain_box
D:4:      minmay_skewed_foursquare, layout_rooms,
          nicolae_ru_sacrificial_ziggurat

Skill      XL: |  1  2  3  4  5  6 |
---------------+-------------------+-----
Spellcasting   | 2 |  2.6
Fire Magic     | 4 5 |  5.1
Fighting       | 4 |  4.6
Translocations | 1 2 |  2.4
Maces & Flails | 5 |  5.6
Air Magic      | 1 2 |  2.4

Action                     |  1- 3 |  4- 6 |  7- 9 || total
---------------------------+-------+-------+-------++-------
  Melee: Mace              |    63 |   119 |    11 ||   193
         Punch             |     1 |       |       ||     1
   Cast: Scorch            |     1 |    21 |     2 ||    24
 Invoke: Foxfire Swarm     |     2 |     1 |       ||     3
    Use: Potion            |       |     2 |       ||     2
 Armour: Robe              |    13 |    21 |       ||    34
  Dodge: Dodged            |    43 |    86 |     3 ||   132
